 Dungeon Crawl Stone Soup version 0.29.1-2-gbd0b4ee654 (webtiles) character file.

Game seed: 4425780637889265060

13046 zeram the Fighter (level 12, -7/100 HPs)
             Began as a Gnoll Fighter on Nov 20, 2022.
             Was an Initiate of Gozag.
             Mangled by a skeletal warrior
             ... wielding a +0 war axe
              (11 damage)
             ... on level 11 of the Dungeon.
             The game lasted 00:31:46 (14983 turns).

zeram the Fighter (Gnoll Fighter)                  Turns: 14983, Time: 00:31:47

Health: -7/100     AC: 32    Str: 15    XL:     12   Next: 1%
Magic:  22/22      EV:  3    Int: 13    God:    Gozag
Gold:   1885       SH:  7    Dex: 16    Spells: 25/25 levels left

rFire   . . .      SeeInvis .   h - +6 spear (venom)
rCold   . . .      Faith    .   c - +0 buckler
rNeg    + . .      Spirit   .   n - +1 crystal plate armour
rPois   .          Reflect  .   I - +3 helmet "Nytunac" {rN+ Regen+ Dex+4}
rElec   .          Harm     .   v - +2 cloak
rCorr   .          Rampage  .   (no gloves)
Will    +....                   m - +2 pair of boots
Stlth   ..........              (no amulet)
HPRegen 1.06/turn               j - ring of willpower
MPRegen 0.18/turn               J - ring of flight

@: mighty, on berserk cooldown, flying, slowed, studying Fighting, very slow
A: fangs 1, strong nose, distributed training
a: Renounce Religion, Potion Petition, Call Merchant, Bribe Branch


You were on level 11 of the Dungeon.
You worshipped Gozag.
Gozag was most pleased with you.
You visited 2 branches of the dungeon, and saw 12 of its levels.
You also visited: Bailey.

You collected 1981 gold pieces.
You paid 96 gold pieces to Gozag.

Inventory:

Hand Weapons
 a - a +0 war axe
 h - a +6 spear of venom (weapon)
 r - the +5 dagger "Beastslayer" {vorpal, *Slow rF+ Int+6}
   (You found it on level 7 of the Dungeon)

   It inflicts extra damage upon your enemies.
   Int:       It affects your intelligence (+6).
   rF:        It protects you from fire.
   *Slow:     It may slow you when you take damage.
Armour
 b - a +0 scale mail
 c - a +0 buckler (worn)
 d - a +0 cloak
 e - a +0 pair of boots
 k - a +0 helmet
 m - a +2 pair of boots (worn)
 n - a +1 crystal plate armour (worn)
 v - a +2 cloak (worn)
 I - the +3 helmet "Nytunac" (worn) {rN+ Regen+ Dex+4}
   (You acquired it on level 10 of the Dungeon)

   Dex:       It affects your dexterity (+4).
   rN:        It protects you from negative energy.
   Regen:     It increases your rate of health regeneration.
Jewellery
 j - a ring of willpower (left hand)
 s - a ring of fire
 J - a ring of flight (right hand)
 K - a ring of protection from cold
Wands
 p - a wand of digging (5)
 u - a wand of mindburst (5)
 w - a wand of polymorph (11)
 C - a wand of charming (13)
 F - a wand of flame (14)
Scrolls
 g - 3 scrolls of amnesia
 i - 3 scrolls of noise
 y - a scroll of butterflies
 B - a scroll of magic mapping
Potions
 f - a potion of haste {unknown}
 l - 4 potions of mutation
 t - 2 potions of magic
 x - 2 potions of attraction
 G - a potion of degeneration {unknown}


   Skills:
 + Level 11.0 Fighting
 + Level 7.1 Short Blades
 + Level 7.1 Long Blades
 + Level 8.5 Axes
 + Level 7.1 Maces & Flails
 + Level 7.1 Polearms
 + Level 7.1 Staves
 + Level 7.1 Ranged Weapons
 + Level 7.1 Throwing
 + Level 9.7 Armour
 + Level 7.1 Dodging
 + Level 7.1 Stealth
 + Level 9.7 Shields
 + Level 7.1 Unarmed Combat
 + Level 7.1 Spellcasting
 + Level 5.9 Conjurations
 + Level 5.9 Hexes
 + Level 5.9 Summonings
 + Level 5.9 Necromancy
 + Level 5.9 Translocations
 + Level 5.9 Transmutations
 + Level 5.9 Fire Magic
 + Level 5.9 Ice Magic
 + Level 5.9 Air Magic
 + Level 5.9 Earth Magic
 + Level 5.9 Poison Magic
 + Level 7.8 Invocations
 + Level 7.1 Evocations


You had 25 spell levels left.
You didn't know any spells.
Your spell library contained the following spells:

 Spells                   Type           Power      Damage    Failure   Level
 Iskenderun's Battlesphe  Conj           20%        2d7       100%        5
 Iron Shot                Conj/Erth      10%        9d3       100%        6
 Spellforged Servitor     Conj/Summ      10%        N/A       100%        7
 Chain Lightning          Conj/Air       10%        3d13      100%        9
 Fire Storm               Conj/Fire      10%        8d3       100%        9
 Shatter                  Erth           10%        3d11*     100%        9


Dungeon Overview and Level Annotations

Branches:
Dungeon (12/15)            Temple (1/1) D:7            Lair (0/5) D:9
    Orc (0/2) D:11         Bailey (visited)

Altars:
Ashenzari
Cheibriados
Dithmenos
Elyvilon
Fedhas
Gozag
Hepliaklqana
Kikubaaqudgha
Makhleb
Nemelex Xobeh
Okawaru
Qazlal
Ru
Sif Muna
Trog
Uskayaw
Vehumet
Wu Jian
Xom
Yredelemnul
The Shining One

Shops:
D:3 (

Portals:
Trove: D:10 (give 12 scrolls of teleportation)

Annotations:
D:12 Frances


Innate Abilities, Weirdness & Mutations

You have very sharp teeth.
Your uncanny sense of smell can sniff out nearby items.
Your experience applies equally to all skills.


Message History

The skeletal warrior is heavily damaged.
The skeletal warrior hits you with a +0 war axe!
* * * LOW HITPOINT WARNING * * *
The skeletal warrior hits you but does no damage.
Unknown command.
Okay, then.
Okay, then.
Okay, then.
You hit the skeletal warrior but do no damage.
The skeletal warrior is heavily damaged.
The skeletal warrior hits you but does no damage.
The skeletal warrior hits you with a +0 scimitar!
* * * LOW HITPOINT WARNING * * *
Unknown command.
You hit the skeletal warrior but do no damage.
The skeletal warrior is heavily damaged.
The skeletal warrior hits you but does no damage.
You block the skeletal warrior's attack. x2
The skeletal warrior hits you with a +0 scimitar!
* * * LOW HITPOINT WARNING * * *
Unknown command.
You closely miss the skeletal warrior. Your bite misses the skeletal warrior.
The skeletal warrior is heavily damaged.
The skeletal warrior hits you but does no damage. x2
Unknown command.
You hit the skeletal warrior but do no damage.
The skeletal warrior is heavily damaged.
The skeletal warrior hits you with a +0 war axe.
* * * LOW HITPOINT WARNING * * *
You block the skeletal warrior's attack.
You completely miss the skeletal warrior.
The skeletal warrior is heavily damaged.
The skeletal warrior hits you with a +0 war axe.
* * * LOW HITPOINT WARNING * * *
The skeletal warrior hits you but does no damage.
You puncture the skeletal warrior! You bite the skeletal warrior.
The skeletal warrior is severely damaged.
The skeletal warrior hits you with a +0 war axe!
You die...
Your body crumbles into a pile of gold.

##..................######.#.# #
#..#####<...........#......#.# #
#.## ###......#.....#.######.. #
#.# #.+......+.....#.# #.# # #.#
#.......########.# #.# # #.#
##.#.#.###.......# #.#
##########.........######## #..
...........#.#.z.(....#...#####.>
#########......z@...............#
# #.# ####..................... #
#.# #...............###### # #.#
#...............#..... ####.#
#...............#.#### .....#
####......#.....#.# # ######
#####'##.....#.# # ## ######
##########.# # .# #....#
#.#........# #


You could see 2 skeletal warriors.

Vanquished Creatures
  A hydra (D:11)
  Erica (D:10)
  Erolcha (D:10)
  2 boulder beetles
  A two-headed ogre (D:11)
  A skeletal warrior (D:12)
  An orc knight (Bailey)
  2 cyclopes (D:11)
  A manticore (D:11)
  An unseen horror (D:11)
  A troll (D:11)
  Grinder (D:3)
  Sigmund (D:3)
  3 basilisks
  10 yaks (D:9)
  A wyvern (D:9)
  A steam dragon (D:8)
  15 orc warriors
  3 sky beasts (D:7)
  An ogre (D:5)
  4 centaurs
  4 kobold brigands
  A necrophage (D:4)
  3 gnoll sergeants
  2 scorpions
  9 killer bees
  2 howler monkeys
  A vampire bat (D:4)
  8 orc priests
  A gnoll bouda (D:5)
  A hound (D:4)
  Jessica (D:2)
  2 iguanas
  Natasha (twice) (D:3)
  11 orc wizards
  19 gnolls
  3 adders
  A shadow imp (D:7)
  2 white imps
  3 ufetubi
  3 worms
  59 orcs
  7 bats
  4 bat skeletons (D:4)
  6 endoplasms
  A giant cockroach (D:3)
  8 goblins
  9 hobgoblins
  7 jackals
  23 kobolds
  2 quokkas
  8 ball pythons
  3 frilled lizards
  2 rats
271 creatures vanquished.

Vanquished Creatures (collateral kills)
  An orc warrior (Bailey)
  A vampire bat (D:4)
  A bat skeleton (D:4)
3 creatures vanquished.

Vanquished Creatures (others)
  6 plants
  3 toadstools (D:9)
9 creatures vanquished.

Grand Total: 283 creatures vanquished

Notes
Turn   | Place    | Note
-------+----------+-------------------------------------------
     0 | D:1      | zeram the Gnoll Fighter began the quest for the Orb.
     0 | D:1      | Reached XP level 1. HP: 23/23 MP: 1/1
   372 | D:1      | Reached XP level 2. HP: 19/29 MP: 2/2
  1062 | D:2      | Found a basalt altar of Yredelemnul.
  1182 | D:2      | Noticed Jessica
  1198 | D:2      | Killed Jessica
  1199 | D:2      | Reached skill level 1 in Short Blades
  1199 | D:2      | Reached skill level 1 in Long Blades
  1199 | D:2      | Reached skill level 1 in Maces & Flails
  1199 | D:2      | Reached skill level 1 in Polearms
  1199 | D:2      | Reached skill level 1 in Staves
  1199 | D:2      | Reached skill level 1 in Ranged Weapons
  1199 | D:2      | Reached skill level 1 in Throwing
  1199 | D:2      | Reached skill level 1 in Dodging
  1199 | D:2      | Reached skill level 1 in Stealth
  1199 | D:2      | Reached skill level 1 in Unarmed Combat
  1199 | D:2      | Reached skill level 1 in Spellcasting
  1199 | D:2      | Reached skill level 1 in Invocations
  1199 | D:2      | Reached skill level 1 in Evocations
  1199 | D:2      | Reached XP level 3. HP: 3/35 MP: 2/4
  1673 | D:2      | Reached XP level 4. HP: 40/41 MP: 5/5
  1952 | D:2      | Reached skill level 1 in Conjurations
  1952 | D:2      | Reached skill level 1 in Hexes
  1952 | D:2      | Reached skill level 1 in Summonings
  1952 | D:2      | Reached skill level 1 in Necromancy
  1952 | D:2      | Reached skill level 1 in Translocations
  1952 | D:2      | Reached skill level 1 in Transmutations
  1952 | D:2      | Reached skill level 1 in Fire Magic
  1952 | D:2      | Reached skill level 1 in Ice Magic
  1952 | D:2      | Reached skill level 1 in Air Magic
  1952 | D:2      | Reached skill level 1 in Earth Magic
  1952 | D:2      | Reached skill level 1 in Poison Magic
  2195 | D:3      | Found a blossoming altar of Fedhas.
  2232 | D:3      | Noticed Grinder
  2233 | D:3      | Found an iron altar of Okawaru.
  2267 | D:3      | Paralysed by Grinder for 2 turns
  2275 | D:3      | Killed Grinder
  2276 | D:3      | Reached skill level 5 in Axes
  2276 | D:3      | Reached XP level 5. HP: 8/47 MP: 5/8
  2276 | D:3      | Reached XP level 6. HP: 10/53 MP: 5/9
  2532 | D:3      | Found Faps's Weapon Emporium.
  2821 | D:3      | Noticed Sigmund
  2823 | D:3      | Noticed Natasha
  2832 | D:3      | Killed Sigmund
  2833 | D:3      | Reached skill level 7 in Fighting
  2833 | D:3      | Reached XP level 7. HP: 39/60 MP: 10/10
  2840 | D:3      | Killed Natasha
  3084 | D:3      | Noticed Natasha
  3097 | D:3      | Killed Natasha
  3521 | D:4      | Found an ancient bone altar of Kikubaaqudgha.
  3732 | D:4      | Found a snail-covered altar of Cheibriados.
  3948 | D:5      | Entered Level 5 of the Dungeon
  4058 | D:5      | Found a shimmering blue altar of Sif Muna.
  4077 | D:5      | Reached XP level 8. HP: 31/67 MP: 12/12
  4098 | D:5      | Found a hazy altar of Hepliaklqana.
  5106 | D:5      | You fall into a shaft and drop 2 floors!
  5161 | D:7      | Found a staircase to the Ecumenical Temple.
  5170 | Temple   | Entered the Ecumenical Temple
  5371 | Temple   | Became a worshipper of Gozag Ym Sagoz the Greedy
  5632 | D:7      | Found a sacrificial altar of Ru.
  5773 | D:7      | Found a flagged portal.
  5783 | Bailey   | Entered a bailey
  5962 | Bailey   | Reached XP level 9. HP: 42/73 MP: 14/14
  7361 | Bailey   | Reached skill level 8 in Fighting
  7455 | Bailey   | Noticed an orc knight
  7472 | Bailey   | Killed an orc knight
  7473 | Bailey   | Reached skill level 5 in Invocations
  7832 | D:7      | Identified the +5 dagger "Beastslayer" {vorpal, *Slow rF+
                  | Int+6}
  8242 | D:7      | Reached skill level 5 in Short Blades
  8242 | D:7      | Reached skill level 5 in Long Blades
  8242 | D:7      | Reached skill level 5 in Maces & Flails
  8242 | D:7      | Reached skill level 5 in Polearms
  8242 | D:7      | Reached skill level 5 in Staves
  8242 | D:7      | Reached skill level 5 in Ranged Weapons
  8242 | D:7      | Reached skill level 5 in Throwing
  8242 | D:7      | Reached skill level 5 in Dodging
  8242 | D:7      | Reached skill level 5 in Stealth
  8242 | D:7      | Reached skill level 5 in Unarmed Combat
  8242 | D:7      | Reached skill level 5 in Spellcasting
  8242 | D:7      | Reached skill level 5 in Evocations
  8242 | D:7      | Reached XP level 10. HP: 80/82 MP: 17/17
  9419 | D:8      | Found a shimmering altar of Xom.
 10034 | D:9      | Reached skill level 9 in Fighting
 10651 | D:9      | Found a staircase to the Lair.
 11657 | D:9      | Reached skill level 5 in Conjurations
 11657 | D:9      | Reached skill level 5 in Hexes
 11657 | D:9      | Reached skill level 5 in Summonings
 11657 | D:9      | Reached skill level 5 in Necromancy
 11657 | D:9      | Reached skill level 5 in Translocations
 11657 | D:9      | Reached skill level 5 in Transmutations
 11657 | D:9      | Reached skill level 5 in Fire Magic
 11657 | D:9      | Reached skill level 5 in Ice Magic
 11657 | D:9      | Reached skill level 5 in Air Magic
 11657 | D:9      | Reached skill level 5 in Earth Magic
 11657 | D:9      | Reached skill level 5 in Poison Magic
 11661 | D:9      | Reached XP level 11. HP: 38/90 MP: 20/20
 12065 | D:10     | Entered Level 10 of the Dungeon
 12067 | D:10     | Noticed Erolcha
 12068 | D:10     | Noticed Erica
 12221 | D:10     | Found a portal to a secret trove of treasure.
 12271 | D:10     | Killed Erolcha
 12656 | D:10     | Found a glowing golden altar of the Shining One.
 12769 | D:10     | Killed Erica
 12770 | D:10     | Reached skill level 10 in Fighting
 12931 | D:10     | Found a burning altar of Makhleb.
 12931 | D:10     | Found a radiant altar of Vehumet.
 12932 | D:10     | Found an ornate altar of the Wu Jian Council.
 12933 | D:10     | Found a broken altar of Ashenzari.
 12933 | D:10     | Found a hide-covered altar of Uskayaw.
 12933 | D:10     | Found a white marble altar of Elyvilon.
 13090 | D:10     | Identified a scroll of acquirement
 13090 | D:10     | Acquired the +3 helmet "Nytunac" {rN+ Regen+ Dex+4}
 13133 | D:11     | Noticed a manticore
 13140 | D:11     | Killed a manticore
 13237 | D:11     | Found a staircase to the Orcish Mines.
 13402 | D:11     | Noticed a cyclops
 13417 | D:11     | Killed a cyclops
 13752 | D:11     | Noticed a boulder beetle
 13767 | D:11     | Killed a boulder beetle
 13815 | D:11     | Noticed a two-headed ogre
 13818 | D:11     | Killed a two-headed ogre
 14097 | D:11     | Noticed a five-headed hydra
 14117 | D:11     | Killed a five-headed hydra
 14714 | D:12     | Noticed a boulder beetle
 14715 | D:12     | Noticed a cyclops
 14731 | D:11     | Killed a cyclops
 14761 | D:12     | Killed a boulder beetle
 14815 | D:12     | Noticed Frances
 14822 | D:12     | Noticed a manticore
 14826 | D:12     | HP: 4/92 [Frances/+2 glaive of pain (21)]
 14842 | D:12     | Noticed a skeletal warrior
 14842 | D:12     | Noticed a skeletal warrior
 14850 | D:12     | Noticed a skeletal warrior
 14966 | D:12     | Killed a skeletal warrior
 14967 | D:12     | Reached skill level 11 in Fighting
 14967 | D:12     | Reached XP level 12. HP: 71/100 MP: 22/22
 14979 | D:11     | HP: 2/100 [skeletal warrior/+0 scimitar (10)]
 14983 | D:11     | Mangled by a skeletal warrior

Illustrated notes

Levels and vault maps discovered:
D:1:      minmay_arrival_stone_box, layout_loops_corners,
          ebering_ecumenical_altar_webs, hangedman_decor_growths,
          wander_ebering_terrifying_dragon_lair
D:2:      layout_loops_cross, basic_altar, uniq_jessica
D:3:      layout_basic, okawaru_ov_weapons_minmay, fedhas_altar_4, serial_shops,
          nicolae_diamond_shop, uniq_natasha, uniq_sigmund, uniq_grinder
D:4:      cheibrodos_quashed, layout_rooms, slow_altar_2,
          kennysheep_vampire_church
D:5:      layout_basic, nicolae_hepliaklqana_hazy_memory,
          mainiacjoe_overflow_six_doors_small, pf_guarded_unrand_woodcutter
D:7:      layout_loops_corners, nicolae_ru_path_of_blood,
          minmay_temple_entry_junction, enter_bailey_4,
          hangedman_abyss_or_decor_passed
D:8:      layout_basic, mainiacjoe_overflow_boulevard
D:9:      layout_gridville, david_lair_generic, minmay_gold_behind_fungi
D:10:     layout_cave_pools, grunt_temple_overflow_open,
          mainiacjoe_overflow_catwalk, enter_trove_2, uniq_erica, uniq_erolcha
D:11:     layout_basic, orc_0_dummy, serial_co_window_serial, co_window_cross_1,
          co_window_paths_b, co_window_paths_a, co_window_corner_a,
          co_window_cross_1, co_window_of_opportunity_a, co_window_corner_a,
          co_window_corner_b, co_window_of_opportunity_b,
          co_window_of_opportunity_c, co_window_corner_b, co_window_corner_ca,
          co_window_broadway_a, co_window_4corner_b, glass_columns_a,
          glass_columns_a, glass_columns_a, glass_columns_b,
          roderic_filled_cross, minmay_misc_feat_plants
D:12:     layout_basic, uniq_frances
Temple:   nicolae_temple_bog_church

Skill      XL: |  1  2  3  4  5  6  7  8  9 10 11 |
---------------+----------------------------------+-----
Short Blades   | 1 2 3 5 6 7 |  7.1
Long Blades    | 1 2 3 5 6 7 |  7.1
Maces & Flails | 1 2 3 5 6 7 |  7.1
Polearms       | 1 2 3 5 6 7 |  7.1
Staves         | 1 2 3 5 6 7 |  7.1
Ranged Weapons | 1 2 3 5 6 7 |  7.1
Throwing       | 1 2 3 5 6 7 |  7.1
Dodging        | 1 2 3 5 6 7 |  7.1
Stealth        | 1 2 3 5 6 7 |  7.1
Unarmed Combat | 1 2 3 5 6 7 |  7.1
Spellcasting   | 1 2 3 5 6 7 |  7.1
Invocations    | 1 2 3 4 5 6 7 |  7.8
Evocations     | 1 2 3 5 6 7 |  7.1
Conjurations   | 1 2 3 4 5 |  5.9
Hexes          | 1 2 3 4 5 |  5.9
Summonings     | 1 2 3 4 5 |  5.9
Necromancy     | 1 2 3 4 5 |  5.9
Translocations | 1 2 3 4 5 |  5.9
Transmutations | 1 2 3 4 5 |  5.9
Fire Magic     | 1 2 3 4 5 |  5.9
Ice Magic      | 1 2 3 4 5 |  5.9
Air Magic      | 1 2 3 4 5 |  5.9
Earth Magic    | 1 2 3 4 5 |  5.9
Poison Magic   | 1 2 3 4 5 |  5.9
Axes           | 5 6 7 8 |  8.5
Fighting       | 7 8 9 11 | 11.0
Armour         | 7 8 9 |  9.7
Shields        | 7 8 9 |  9.7

Action                   |  1- 3 |  4- 6 |  7- 9 | 10-12 || total
-------------------------+-------+-------+-------+-------++-------
Melee: War axe           |    97 |    62 |       |       ||   159
       Bite              |     9 |    12 |    46 |    76 ||   143
       Spear             |       |    45 |   458 |   570 ||  1073
Evoke: Wand              |       |       |     1 |    18 ||    19
  Use: Scroll            |     4 |       |    15 |    12 ||    31
       Potion            |     1 |     1 |     2 |     7 ||    11
 Stab: Distracted        |       |       |     1 |     1 ||     2
       Sleeping          |       |       |     2 |       ||     2
Armor: Scale mail        |    42 |    63 |   244 |       ||   349
       Crystal plate arm |       |       |    25 |   500 ||   525
Dodge: Dodged            |    43 |    50 |   234 |    69 ||   396
Block: Buckler           |    34 |    24 |   141 |   148 ||   347
